 Dungeon Crawl Stone Soup version 0.21-a0-434-g806c6c2 (webtiles) character file.

82 Beatriz the Charmwright (level 4, 0/38 HPs)
             Began as a Gnoll Skald on Nov 8, 2017.
             Slain by a hungry ghost (2 damage)
             ... on level 3 of the Dungeon.
             The game lasted 00:05:27 (1837 turns).

Beatriz the Charmwright (Gnoll Skald)               Turns: 1837, Time: 00:05:28

Health: 0/38       AC:  3    Str: 14    XL:     4   Next: 43%
Magic:  5/11       EV: 14    Int: 15    God:
Gold:   71         SH:  0    Dex: 15    Spells: 7/13 levels left

rFire    . . .     SeeInvis .   a - +0 hand axe
rCold    . . .     Gourm    .   (no shield)
rNeg     . . .     Faith    .   b - +0 leather armour
rPois    .         Spirit   .   (no helmet)
rElec    .         Reflect  .   (no cloak)
rCorr    .         Harm     .   (no gloves)
MR       .....                  (no boots)
Stlth    ++........             (no amulet)
HPRegen  0.12/turn              (no ring)
MPRegen  0.12/turn              (no ring)

@: singing (expiring)
A: distributed training, fangs 1, strong nose
a: no special abilities


You were on level 3 of the Dungeon.
You were very hungry.

You visited 1 branch of the dungeon, and saw 3 of its levels.

You collected 71 gold pieces.

Inventory:

Hand Weapons
 a - a +0 hand axe (weapon)
Missiles
 r - 3 javelins (quivered)
Armour
 b - a +0 leather armour (worn)
Jewellery
 k - a +2 ring of slaying {unknown}
 o - an uncursed ring of magical power {unknown}
Scrolls
 f - a scroll of amnesia {unknown}
 g - a scroll of identify {unknown}
 h - 3 scrolls of recharging {unknown}
 m - 3 scrolls of fog {unknown}
 n - 2 scrolls of teleportation {unknown}
 p - a scroll of remove curse {unknown}
Potions
 e - a potion of flight {unknown}
 i - a potion of cancellation {unknown}
 j - a potion of degeneration {unknown}
 t - 2 potions of curing {unknown}
Books
 c - a book of Battle

   Spells                             Type                      Level
   a - Infusion                       Charms                       1
   b - Shroud of Golubria             Charms/Translocation         2
   c - Song of Slaying                Charms                       2
   d - Spectral Weapon                Hexes/Charms                 3
   e - Regeneration                   Charms/Necromancy            3
Comestibles
 s - a meat ration


   Skills:
 + Level 4.6 Fighting
 + Level 1.1 Short Blades
 + Level 1.1 Long Blades
 + Level 4.6 Axes
 + Level 1.1 Maces & Flails
 + Level 1.1 Polearms
 + Level 1.1 Staves
 + Level 1.1 Slings
 + Level 1.1 Bows
 + Level 1.1 Crossbows
 + Level 1.1 Throwing
 + Level 2.7 Armour
 + Level 4.6 Dodging
 + Level 1.1 Stealth
 + Level 1.1 Shields
 + Level 1.1 Unarmed Combat
 + Level 5.0 Spellcasting
 + Level 0.8 Conjurations
 + Level 0.8 Hexes
 + Level 5.4 Charms
 + Level 0.8 Summonings
 + Level 0.8 Necromancy
 + Level 0.8 Translocations
 + Level 0.8 Transmutations
 + Level 0.8 Fire Magic
 + Level 0.8 Ice Magic
 + Level 0.8 Air Magic
 + Level 0.8 Earth Magic
 + Level 0.8 Poison Magic
 + Level 1.2 Invocations
 + Level 1.1 Evocations


You had 7 spell levels left.
You knew the following spells:

 Your Spells              Type           Power        Failure   Level  Hunger
a - Infusion              Chrm           ###.         1%          1    None
b - Regeneration          Chrm/Necr      ##........   16%         3    ###....
c - Song of Slaying       Chrm           ###.....     3%          2    ##.....


Dungeon Overview and Level Annotations

Branches:
Dungeon (3/15)

Altars:


Innate Abilities, Weirdness & Mutations

Your experience applies equally to all skills.
You have very sharp teeth.
Your uncanny sense of smell can sniff out nearby items.


Message History

You closely miss the hungry ghost.
The hungry ghost is heavily damaged.
The hungry ghost closely misses you.
You slash the hungry ghost!
The hungry ghost is severely damaged.
The hungry ghost completely misses you.
Your leather armour prevents you from hitting the hungry ghost.
The hungry ghost is severely damaged.
Your song is almost over.
The hungry ghost hits you.
* * * LOW HITPOINT WARNING * * *
You are feeling hungry.
You closely miss the hungry ghost.
The hungry ghost is severely damaged.
The hungry ghost hits you.
You are feeling very hungry.
You slash the hungry ghost! Your bite misses the hungry ghost.
The hungry ghost is almost destroyed.
The hungry ghost hits you.
You die...

#############
##.....#.....#
##............. #.
#.............. #..
#.>............
#...#..............
#...#......$.......
..........@W......
..................
..##......#......
##<...####....
##.#.# ... #.#..#
#. ..##..# ..## #.#
.# ..


You could see a hungry ghost.

Vanquished Creatures
  An adder (D:3)
  An ooze (D:1)
  A worm (D:2)
  2 dart slugs
  2 leopard geckos (D:1)
  2 orcs
  A ball python (D:1)
  4 bats (D:1)
  4 giant cockroaches
  7 goblins
  3 hobgoblins (D:2)
  10 jackals (D:2)
  4 kobolds
  2 frilled lizards
  5 rats
49 creatures vanquished.

Notes
Turn   | Place    | Note
-------+----------+-------------------------------------------
     0 | D:1      | Beatriz the Gnoll Skald began the quest for the Orb.
     0 | D:1      | Reached XP level 1. HP: 20/20 MP: 6/6
   167 | D:1      | Reached XP level 2. HP: 19/26 MP: 7/7
   595 | D:1      | Reached XP level 3. HP: 26/31 MP: 9/9
   601 | D:1      | Reached skill level 5 in Spellcasting
   607 | D:1      | Learned a level 3 spell: Regeneration
   610 | D:1      | Learned a level 2 spell: Song of Slaying
  1035 | D:2      | Reached skill level 1 in Invocations
  1546 | D:2      | Reached skill level 1 in Short Blades
  1546 | D:2      | Reached skill level 1 in Long Blades
  1546 | D:2      | Reached skill level 1 in Maces & Flails
  1546 | D:2      | Reached skill level 1 in Polearms
  1546 | D:2      | Reached skill level 1 in Staves
  1546 | D:2      | Reached skill level 1 in Slings
  1546 | D:2      | Reached skill level 1 in Bows
  1546 | D:2      | Reached skill level 1 in Crossbows
  1546 | D:2      | Reached skill level 1 in Throwing
  1546 | D:2      | Reached skill level 1 in Stealth
  1546 | D:2      | Reached skill level 1 in Shields
  1546 | D:2      | Reached skill level 1 in Unarmed Combat
  1546 | D:2      | Reached skill level 1 in Evocations
  1581 | D:2      | Reached XP level 4. HP: 36/38 MP: 11/11
  1810 | D:3      | Noticed a hungry ghost
  1837 | D:3      | Slain by a hungry ghost

Vault maps used:
D:1:      minmay_arrival_diagonal_passages, palyth_stone_intersect
D:3:      first_bread, bloody_makhleb, uniq_jessica

Skill      XL: |  1  2  3 |
---------------+----------+-----
Spellcasting   | 5 |  5.0
Invocations    | 1 |  1.2
Short Blades   | 1 |  1.1
Long Blades    | 1 |  1.1
Maces & Flails | 1 |  1.1
Polearms       | 1 |  1.1
Staves         | 1 |  1.1
Slings         | 1 |  1.1
Bows           | 1 |  1.1
Crossbows      | 1 |  1.1
Throwing       | 1 |  1.1
Stealth        | 1 |  1.1
Shields        | 1 |  1.1
Unarmed Combat | 1 |  1.1
Evocations     | 1 |  1.1
Fighting       | |  4.6
Axes           | |  4.6
Armour         | |  2.7
Dodging        | |  4.6
Conjurations   | |  0.8
Hexes          | |  0.8
Charms         | |  5.4
Summonings     | |  0.8
Necromancy     | |  0.8
Translocations | |  0.8
Transmutations | |  0.8
Fire Magic     | |  0.8
Ice Magic      | |  0.8
Air Magic      | |  0.8
Earth Magic    | |  0.8
Poison Magic   | |  0.8

Action                   |  1- 3 |  4- 6 || total
-------------------------+-------+-------++-------
Melee: Hand axe          |    99 |    52 ||   151
       Bite              |    10 |     3 ||    13
Throw: Javelin           |     9 |       ||     9
 Cast: Infusion          |     1 |     1 ||     2
       Song of Slaying   |     1 |     1 ||     2
 Stab: Sleeping          |     1 |       ||     1
  Eat: Chunk             |     2 |     2 ||     4
       Bread ration      |       |     1 ||     1
       Royal jelly       |       |     1 ||     1
Armor: Leather armour    |    28 |    15 ||    43
Dodge: Dodged            |    81 |    43 ||   124

Table legend:
 A = Spawn XP
 B = Non-spawn XP
 C = Spawn XP percentage of total XP
 D = Spawn monster count
 E = Non-spawn monster count
 F = Spawn count percentage of total count
 G = Total turns spent on level
                    A         B        C        D         E        F      G
               +---------+---------+-------+---------+---------+-------+---------
         Total |       0 |     118 |   0.0 |       0 |      49 |   0.0 |  1837
               +---------+---------+-------+---------+---------+-------+---------
           D:1 |       0 |      44 |   0.0 |       0 |      19 |   0.0 |   988
           D:2 |       0 |      58 |   0.0 |       0 |      28 |   0.0 |   820
           D:3 |       0 |      16 |   0.0 |       0 |       2 |   0.0 |    29
               +---------+---------+-------+---------+---------+-------+---------
